 Dungeon Crawl Stone Soup version 0.27-a0-277-g024f7ef292 (webtiles) character file.

Game seed: 9785764619962607166

87 Borgoz the Skirmisher (level 4, 0/29 HPs)
             Began as a Gargoyle Berserker on Feb 6, 2021.
             Was a Believer of Trog.
             Slain by an orc (1 damage)
             ... on level 2 of the Dungeon.
             The game lasted 00:02:00 (1435 turns).

Borgoz the Skirmisher (Gargoyle Berserker)          Turns: 1435, Time: 00:02:01

Health: 0/29       AC:  8    Str: 21    XL:     4   Next: 51%
Magic:  4/4        EV: 11    Int:  7    God:    Trog [**....]
Gold:   67         SH:  0    Dex: 10    Spells: 3/3 levels left

rFire    . . .     SeeInvis .   e - +0 flail
rCold    . . .     Faith    .   (no shield)
rNeg     + . .     Spirit   .   d - -1 ring mail (curse)
rPois    ∞         Reflect  .   (no helmet)
rElec    +         Harm     .   (no cloak)
rCorr    .         Rampage  .   (no gloves)
Will     .....                  (no boots)
Stlth    ..........             (no amulet)
HPRegen  0.09/turn              (no ring)
MPRegen  0.09/turn              (no ring)

@: confused
A: negative energy resistance 1, electricity resistance, unbreathing,
petrification resistance, miasma immunity, AC +3
a: Renounce Religion, Berserk, Trog's Hand


You were on level 2 of the Dungeon.
You worshipped Trog.
Trog was pleased with you.
You visited 1 branch of the dungeon, and saw 2 of its levels.

You collected 67 gold pieces.

Inventory:

Hand Weapons
 e - a +0 flail (weapon)
Armour
 b - a +0 animal skin
 d - a cursed -1 ring mail (worn)
Scrolls
 c - a scroll of enchant weapon {unknown}


   Skills:
 + Level 4.0 Fighting
 + Level 3.6 Maces & Flails
 + Level 3.1 Armour
 + Level 2.3 Dodging


You had 3 spell levels left.
You didn't know any spells.
Your spell library was empty.

Dungeon Overview and Level Annotations

Branches:
Dungeon (2/15)

Altars:
Cheibriados
Dithmenos
Makhleb
Qazlal


Innate Abilities, Weirdness & Mutations

You are resistant to torment.
Your stone body is resilient. (AC +3)
You are immune to poison.
You resist negative energy. (rN+)
You are resistant to electric shocks. (rElec)
You can survive without breathing.
You are immune to petrification.
You are immune to miasma.


Message History

* * * LOW HITPOINT WARNING * * *
The orc hits you.
* * * LOW HITPOINT WARNING * * *
You hit the orc.
The orc is severely wounded.
You hear some strange, mumbled words.
You are confused.
The orc hits you but does no damage.
Okay, then.
You aren't carrying any potions.
The orc closely misses you.
You bump into the rock wall.
Something hits you but does no damage. The orc hits you but does no damage.
You miss the orc.
The orc is severely wounded.
Something hits you but does no damage. The orc misses you.
You aren't carrying any potions.
You bump into the rock wall.
Something hits you but does no damage. The orc hits you.
You die...

..... ..... .... .....####
.... ........# ...
........######.#### #
.....................
................#...#
.$.##......o.).......
#.....@...)...... #######
####...###†.......
#8#_#_###8##...# ##..#...#
##.#.#.#.#.8#...# .......
#.........††....+ .#### #
##..............## #..
#8.#.#.#.#†8'....#.###
##_#.###.####.)......#.....
############...§(..^^^≈..#


You could see an orc.

Vanquished Creatures
  An orc priest (D:2)
  An adder (D:2)
  2 leopard geckos (D:1)
  3 orcs (D:2)
  2 giant cockroaches (D:1)
  3 goblins
  8 hobgoblins
  7 jackals
  4 kobolds (D:1)
  2 bats (D:1)
  2 frilled lizards (D:1)
  3 rats
38 creatures vanquished.

Notes
Turn   | Place    | Note
-------+----------+-------------------------------------------
     0 | D:1      | Borgoz the Gargoyle Berserker began the quest for the Orb.
     0 | D:1      | Reached XP level 1. HP: 14/14 MP: 1/1
   299 | D:1      | Reached XP level 2. HP: 11/19 MP: 2/2
   826 | D:1      | Reached XP level 3. HP: 23/23 MP: 3/3
  1225 | D:2      | Found a stormy altar of Qazlal.
  1380 | D:2      | Found a burning altar of Makhleb.
  1382 | D:2      | Found a shadowy altar of Dithmenos.
  1383 | D:2      | Found a snail-covered altar of Cheibriados.
  1408 | D:2      | Reached ** piety under Trog
  1417 | D:2      | Reached skill level 4 in Fighting
  1417 | D:2      | Reached XP level 4. HP: 25/29 MP: 4/4
  1429 | D:2      | HP: 1/29 [orc (2)]
  1435 | D:2      | Slain by an orc

Illustrated notes

Levels and vault maps discovered:
D:1:      eino_arrival_water_cross, layout_loops_ring, lemuel_old_faithful
D:2:      cheibrodos_pilgrimage, layout_basic, minitemple,
          grunt_qazlal_sundering

Skill      XL: |  1  2  3 |
---------------+----------+-----
Dodging        | 2 |  2.3
Fighting       | 4 |  4.0
Armour         | 3 |  3.1
Maces & Flails | |  3.6

Action                   |  1- 3 |  4- 6 || total
-------------------------+-------+-------++-------
Melee: Mace              |    91 |       ||    91
       Flail             |    27 |    12 ||    39
Invok: Berserk           |     1 |       ||     1
  Use: Scroll            |     1 |       ||     1
Armor: Animal skin       |    32 |       ||    32
       Ring mail         |    46 |    19 ||    65
Dodge: Dodged            |   108 |    17 ||   125

Table legend: (Time is in decaauts)
 A = Elapsed time spent in this place.
 B = Non-inter-level travel time spent in this place.
 C = Inter-level travel time spent in this place.
 D = Time resting spent in this place.
 E = Time spent auto-exploring this place.
 F = Levels seen in this place.
 G = Mean time per level.
                   A        B        C        D        E       F      G
               +--------+--------+--------+--------+--------+-----+--------+
         Total |   1475 |   1459 |     16 |    419 |    733 |   2 |  737.5 |
       Dungeon |   1475 |   1459 |     16 |    419 |    733 |   2 |  737.5 |
               +--------+--------+--------+--------+--------+-----+--------+

Top non-repeatable levels by time:
     D:1: 1229 daAuts
     D:2: 245 daAuts
